 Dungeon Crawl Stone Soup version 0.29-a0-206-g4a66f2e2b5 (webtiles) character file.

Game seed: 4933783936877132445

1680 Inarius the Covered (level 8, 0/62 HPs)
             Began as a Demonspawn Fighter on Feb 23, 2022.
             Was a Priest of Okawaru.
             Succumbed to a gnoll sergeant's poison
             ... on level 6 of the Dungeon.
             The game lasted 00:06:38 (5634 turns).

Inarius the Covered (Demonspawn Fighter)            Turns: 5634, Time: 00:06:38

Health: 0/62       AC: 14    Str: 19    XL:     8   Next: 71%
Magic:  12/12      EV:  8    Int: 10    God:    Okawaru [***...]
Gold:   263        SH:  5    Dex: 12    Spells: 7/7 levels left

rFire   . . .      SeeInvis .   j - +2 flail (drain)
rCold   . . .      Faith    .   c - +0 buckler
rNeg    . . .      Spirit   .   n - +3 chain mail
rPois   .          Reflect  .   (helmet restricted)
rElec   .          Harm     .   (no cloak)
rCorr   .          Rampage  .   b - +0 pair of gloves
Will    .....                   (no boots)
Stlth   ..........              (no amulet)
HPRegen 0.20/turn               (no ring)
MPRegen 0.13/turn               (no ring)

@: lethally poisoned (0 -> -11), lit by a corona, glowing
A: horns 1, ignite blood 1, sturdy frame 1, demonic magic 1
a: Renounce Religion, Heroism


You were on level 6 of the Dungeon.
You worshipped Okawaru.
Okawaru was most pleased with you.
You visited 1 branch of the dungeon, and saw 6 of its levels.

You collected 263 gold pieces.

Inventory:

Hand Weapons
 a - a +0 war axe
 j - a +2 flail of draining (weapon)
Armour
 b - a +0 pair of gloves (worn)
 c - a +0 buckler (worn)
 n - a +3 chain mail (worn)
Wands
 m - a wand of flame (18)
 t - a wand of polymorph (5)
Scrolls
 g - a scroll of noise {unknown}
 l - 3 scrolls of teleportation
 q - a scroll of magic mapping {unknown}
 r - a scroll of enchant weapon {unknown}
 s - a scroll of blinking {unknown}
 u - a scroll of summoning {unknown}
Potions
 d - 4 potions of might
 e - a potion of mutation {unknown}
 f - a potion of ambrosia
 h - a potion of heal wounds
 i - a potion of haste {unknown}
 o - a potion of cancellation {unknown}
 p - a potion of degeneration {unknown}


   Skills:
 + Level 5.3 Fighting
 * Level 5.0(5.3) Axes
 - Level 2.6(4.2) Maces & Flails
 + Level 5.6 Armour
 - Level 0.4 Dodging
 + Level 4.2 Shields
 * Level 5.4 Invocations
 + Level 1.5 Evocations


You had 7 spell levels left.
You didn't know any spells.
Your spell library contained the following spells:

 Spells                   Type           Power      Damage    Failure   Level
 Ozocubu's Armour         Ice            0%         N/A       100%        3
 Metabolic Englaciation   Hex/Ice        0%         N/A       100%        5
 Simulacrum               Ice/Necr       Unusable   N/A       N/A         6

Dungeon Overview and Level Annotations

Branches:
Dungeon (6/15)             Temple (0/1) D:6

Altars:
Gozag
Okawaru

Shops:
D:1 =

Annotations:
D:3 2 transporters, blah's ghost, amateur DsHu


Innate Abilities, Weirdness & Mutations

You have a pair of small horns on your head.
Your demonic aura sometimes causes spilled blood to erupt in flames.
Your movements are slightly less encumbered by armour. (ER -2)
Spells you cast may paralyse adjacent enemies.


Message History

The ogre hits you with a +0 giant spiked club!!
* * * LOW HITPOINT WARNING * * *
The gnoll hits you but does no damage.
A gnoll shaman comes into view. It is wielding a +0 club.
Okay, then.
You feel much better.
You feel sick.
The gnoll shaman shouts!
You hear a shout! x2
The gnoll sergeant hits you from afar with a +1 trident of venom.
The gnoll hits you but does no damage. The ogre closely misses you.
The gnoll throws a stone.
The stone hits you but does no damage.
Unknown command.
You hit the ogre.
The ogre is almost dead.
You feel sick.
You are no longer poisoned.
The gnoll sergeant hits you from afar with a +1 trident of venom.
You are poisoned.
The gnoll hits you but does no damage. The ogre closely misses you.
You block the gnoll sergeant's attack.
The gnoll shaman calls down the wrath of its god upon you.
You are outlined in light.
The gnoll closely misses you.
You closely miss the ogre.
The ogre is almost dead.
You feel sick.
The gnoll seems less drained.
You block the gnoll's attack.
The ogre hits you with a +0 giant spiked club!
The gnoll sergeant hits you but does no damage.
You are more poisoned.
You block the gnoll's attack.
You hit the ogre. You headbutt the ogre.
You kill the ogre!
Okawaru accepts your kill.
You feel very sick.
The gnoll hits you with a +0 morningstar!
* * * LOW HITPOINT WARNING * * *
The gnoll sergeant closely misses you.
A gnoll comes into view. It is wielding a +0 whip.
The gnoll hits you but does no damage.
The gnoll hits you with a +0 morningstar!
* * * LOW HITPOINT WARNING * * *
You die...

##.....
.......
g......
##.......
#g.....
#....
##..#
#.@#
##°.#
##g)##
##.gg#
#...##
......).#
#####...#
##..#
##..


You could see a gnoll sergeant, a gnoll shaman and 3 gnolls.

Vanquished Creatures
  3 yaks (D:5)
  A sky beast (D:6)
  A black bear (D:5)
  4 ogres
  A scorpion (D:5)
  A centaur zombie (D:5)
  4 orc priests
  5 hounds
  Jessica (D:2)
  An iguana (D:6)
  Ijyb (D:3)
  2 orc wizards (D:3)
  A hound zombie (D:5)
  A hound skeleton (D:4)
  Robin (D:4)
  4 gnolls
  4 adders
  A shadow imp (D:5)
  A worm (D:2)
  4 dart slugs
  15 orcs
  6 endoplasms
  3 giant cockroaches
  17 goblins
  5 hobgoblins
  3 quokkas
  6 ball pythons
  8 bats
  5 frilled lizards
  9 kobolds
  5 rats
124 creatures vanquished.

Vanquished Creatures (others)
  5 plants (D:2)
5 creatures vanquished.

Grand Total: 129 creatures vanquished

Notes
Turn   | Place    | Note
-------+----------+-------------------------------------------
     0 | D:1      | Inarius the Demonspawn Fighter began the quest for the Orb.
     0 | D:1      | Reached XP level 1. HP: 18/18 MP: 1/1
    13 | D:1      | Found Agyopp's Jewellery Emporium.
   219 | D:1      | Gained mutation: Spells you cast may paralyse adjacent
                  | enemies. [demonic ancestry]
   219 | D:1      | Reached XP level 2. HP: 20/24 MP: 2/2
   631 | D:1      | Reached XP level 3. HP: 26/29 MP: 3/3
  1481 | D:2      | Noticed Jessica
  1490 | D:2      | Killed Jessica
  1493 | D:2      | Gained mutation: Your demonic aura sometimes causes spilled
                  | blood to erupt in flames. [demonic ancestry]
  1493 | D:2      | Reached XP level 4. HP: 21/35 MP: 4/4
  1949 | D:2      | Found a faded altar of an unknown god.
  2466 | D:2      | Prayed at the altar of an unknown god.
  2466 | D:2      | Became a worshipper of Warmaster Okawaru
  2466 | D:2      | Reached * piety under Okawaru
  2530 | D:3      | Noticed Ijyb
  2555 | D:3      | Killed Ijyb
  2707 | D:3      | Found a transporter.
  2725 | D:3      | Reached skill level 1 in Maces & Flails
  2725 | D:3      | Reached XP level 5. HP: 41/41 MP: 5/5
  2745 | D:3      | Reached skill level 1 in Invocations
  2809 | D:3      | Found a transporter.
  2813 | D:3      | Noticed blah's ghost (amateur DsHu)
  2991 | D:3      | Reached skill level 1 in Evocations
  3167 | D:4      | Gained mutation: Your movements are slightly less
                  | encumbered by armour. (ER -2) [demonic ancestry]
  3167 | D:4      | Reached XP level 6. HP: 48/48 MP: 5/7
  3426 | D:4      | Reached ** piety under Okawaru
  3432 | D:4      | Noticed Robin
  3440 | D:4      | Killed Robin
  4159 | D:4      | Found an opulent altar of Gozag.
  4339 | D:5      | Entered Level 5 of the Dungeon
  4500 | D:5      | Reached XP level 7. HP: 49/54 MP: 8/8
  4605 | D:5      | Noticed a yak
  4605 | D:5      | Noticed a yak
  4605 | D:5      | Noticed a yak
  4613 | D:5      | Killed a yak
  4616 | D:5      | Killed a yak
  4619 | D:5      | Killed a yak
  4620 | D:5      | Gained mutation: You have a pair of small horns on your
                  | head. [demonic ancestry]
  4620 | D:5      | Reached XP level 8. HP: 61/61 MP: 8/11
  4665 | D:5      | Reached *** piety under Okawaru
  4832 | D:5      | Reached skill level 5 in Armour
  4894 | D:5      | Reached skill level 5 in Fighting
  5005 | D:5      | Reached skill level 5 in Invocations
  5598 | D:6      | Found a staircase to the Ecumenical Temple.
  5622 | D:6      | Reached skill level 5 in Axes
  5633 | D:6      | HP: 3/62 [gnoll/+0 morningstar (9)]
  5634 | D:6      | Succumbed to a gnoll sergeant's poison

Illustrated notes

Levels and vault maps discovered:
D:1:      heliophobic_arrival_battle_scene, layout_basic, serial_shops,
          shop_statue, minmay_pentomino_s4
D:2:      minmay_wonky_spiral, layout_basic, ebering_ecumenical_altar_webs,
          serial_park_tiny_pond, serial_bayou_lagoon_a, uniq_jessica
D:3:      layout_basic, gammafunk_ghost_stat_death, kennysheep_generic_room_10,
          uniq_ijyb
D:4:      layout_cave_pods, grunt_gozag_statues, uniq_robin
D:5:      layout_loops_ring
D:6:      layout_layer_cave, grunt_qazlal_sundering, minmay_temple_entry_hall

Skill      XL: |  1  2  3  4  5  6  7  8 |
---------------+-------------------------+-----
Axes           | 2 3 4 5 |  5.0
Armour         | 3 4 5 |  5.6
Shields        | 3 4 |  4.2
Maces & Flails | 1 2 |  2.6
Invocations    | 1 2 4 5 |  5.4
Evocations     | 1 |  1.5
Fighting       | 4 5 |  5.3
Dodging        | |  0.4

Action                   |  1- 3 |  4- 6 |  7- 9 || total
-------------------------+-------+-------+-------++-------
Melee: War axe           |    74 |     5 |       ||    79
       Flail             |     9 |   177 |    71 ||   257
       Headbutt          |       |       |     9 ||     9
  Use: Scroll            |       |       |     4 ||     4
       Potion            |       |       |     1 ||     1
Armor: Scale mail        |    45 |       |       ||    45
       Chain mail        |     8 |   145 |    41 ||   194
Dodge: Dodged            |    35 |    83 |    23 ||   141
Block: Buckler           |    20 |    52 |    18 ||    90

Table legend: (Time is in decaauts)
 A = Elapsed time spent in this place.
 B = Non-inter-level travel time spent in this place.
 C = Inter-level travel time spent in this place.
 D = Time resting spent in this place.
 E = Time spent auto-exploring this place.
 F = Levels seen in this place.
 G = Mean time per level.
                   A        B        C        D        E       F      G
               +--------+--------+--------+--------+--------+-----+--------+
         Total |   5748 |   5441 |    307 |    374 |   4126 |   6 |  958.0 |
       Dungeon |   5748 |   5441 |    307 |    374 |   4126 |   6 |  958.0 |
               +--------+--------+--------+--------+--------+-----+--------+

Top non-repeatable levels by time:
     D:2: 1503 daAuts
     D:5: 1060 daAuts
     D:4: 1047 daAuts
     D:1: 1040 daAuts
     D:3: 842 daAuts
     D:6: 255 daAuts
